 Dungeon Crawl Stone Soup version 0.29.1-2-gbd0b4ee654 (webtiles) character file.

Game seed: 17351270897271191560

86 warriortoast the Sneak (level 4, -4/21 HPs)
             Began as a Spriggan Enchanter on Nov 21, 2022.
             Slain by a gnoll
             ... wielding a +0 spear
              (5 damage)
             ... on level 2 of the Dungeon.
             The game lasted 00:05:58 (2254 turns).

warriortoast the Sneak (Spriggan Enchanter)         Turns: 2254, Time: 00:05:59

Health: -4/21      AC:  2    Str:  6    XL:     4   Next: 27%
Magic:  1/10       EV: 18    Int: 16    God:
Gold:   115        SH:  0    Dex: 15    Spells: 1/9 levels left

rFire   . . .      SeeInvis +   a - +1 dagger
rCold   . . .      Faith    .   (no shield)
rNeg    . . .      Spirit   .   b - +0 robe
rPois   .          Reflect  .   (helmet restricted)
rElec   .          Harm     .   (no cloak)
rCorr   .          Rampage  .   (gloves unavailable)
Will    .....                   (boots unavailable)
Stlth   +++.......              (no amulet)
HPRegen 0.07/turn               (no ring)
MPRegen 0.12/turn               (no ring)

@: studying Ranged Weapons, very quick
A: very small, no large weapons, unfitting armour, see invisible, speed 3
a: no special abilities


You were on level 2 of the Dungeon.
You visited 1 branch of the dungeon, and saw 2 of its levels.

You collected 115 gold pieces.

Inventory:

Hand Weapons
 a - a +1 dagger (weapon)
 e - a +0 sling
Missiles
 q - a throwing net
Armour
 b - a +0 robe (worn)
Scrolls
 f - 2 scrolls of identify {unknown}
 j - a scroll of noise {unknown}
 k - a scroll of fear {unknown}
 m - a scroll of vulnerability {unknown}
 n - 3 scrolls of amnesia {unknown}
Potions
 c - 2 potions of invisibility
 d - a potion of might {unknown}
 g - a potion of degeneration {unknown}
 h - 2 potions of curing {unknown}
 i - a potion of flight {unknown}
 l - a potion of cancellation {unknown}
 o - a potion of haste {unknown}
 p - a potion of lignification {unknown}


   Skills:
 + Level 2.1 Short Blades
 + Level 2.1 Ranged Weapons
 + Level 3.4 Dodging
 + Level 5.2 Stealth
 + Level 3.3 Spellcasting
 + Level 4.1 Hexes


You had one spell level left.
You knew the following spells:

 Your Spells              Type           Power      Damage    Failure   Level
a - Ensorcelled Hibernat  Hex/Ice        18%        N/A       12%         2
b - Confusing Touch       Hex            15%        N/A       10%         3
c - Tukima's Dance        Hex            15%        N/A       10%         3

Your spell library contained the following spells:

 Spells                   Type           Power      Damage    Failure   Level
 Dazzling Flash           Conj/Hex       18%        N/A       24%         3
 Portal Projectile        Hex/Tloc       18%        N/A       24%         3
 Blade Hands              Tmut           1%         N/A       99%         5
 Fireball                 Conj/Fire      1%         3d3       99%         5
 Iskenderun's Battlesphe  Conj           2%         2d6       99%         5
 Conjure Ball Lightning   Conj/Air       1%         3x3d6     100%        6
 Orb of Destruction       Conj           1%         9d5       100%        7


Dungeon Overview and Level Annotations

Branches:
Dungeon (2/15)

Altars:
The Shining One

Shops:
D:2 (

Annotations:
D:2 Jessica


Innate Abilities, Weirdness & Mutations

You are very small and have problems with some larger weapons.
You are too small for most types of armour.
You have supernaturally acute eyesight. (SInv)
You cover ground extremely quickly. (Speed+++)


Message History

Confirm with . or Enter, or press ? or * to list all spells.
You don't have enough magic to cast this spell.
Unknown command.
The helpless rat fails to defend itself.
You impale the rat!!
You kill the rat!
A quokka comes into view.
You see here a +0 short sword.
Casting: Ensorcelled Hibernation (safe; 12% risk of failure)
Confirm with . or Enter, or press ? or * to list all spells.
Aiming: Ensorcelled Hibernation (safe; 12% risk of failure)
Press: ? - help, Shift-Dir - straight line, f - quokka
Aim: a quokka (chance to affect: 61%)
The quokka looks drowsy...
The gnoll shouts!
The helpless quokka fails to defend itself.
You impale the quokka!!
You kill the quokka!
An endoplasm comes into view.
The gnoll hits you with a +0 spear!
A gnoll comes into view. It is wielding a +0 spear.
You see here a +0 short sword.
The endoplasm closely misses you.
The gnoll hits you from afar with a +0 spear.
Items here: $ ) [ ††.
You hit the endoplasm.
The endoplasm is almost dead.
The gnoll hits you from afar with a +0 spear.
The gnoll barely misses you. The endoplasm closely misses you.
The gnoll hits you from afar with a +0 spear.
* * * LOW HITPOINT WARNING * * *
The gnoll closely misses you. The gnoll misses you.
The endoplasm closely misses you. The gnoll closely misses you.
The gnoll closely misses you. The endoplasm misses you.
The gnoll completely misses you. The adder bites you but does no damage.
The gnoll closely misses you. The endoplasm barely misses you.
The gnoll hits you from afar with a +0 spear.
You die...

##.........#.........#...##...
###.............########...#
#...........###.# #####
#......########†########
#.._...# #............
#.....## #.########### #.....#
#.###...## ####### #.##.....##
#.#.@.g...# #.#SJ.)...#
#.#..g....# #.##..)..##
#..##...## ##..##'######
##..!..).g.r. #...........
#...........


You could see 2 gnolls, an adder and an endoplasm.

Vanquished Creatures
  4 adders (D:2)
  A gnoll (D:2)
  A dart slug (D:1)
  4 endoplasms
  5 giant cockroaches
  A goblin (D:1)
  3 hobgoblins (D:1)
  2 jackals (D:1)
  2 kobolds
  A quokka (D:2)
  2 ball pythons (D:2)
  5 bats
  4 frilled lizards
  5 rats
40 creatures vanquished.

Notes
Turn   | Place    | Note
-------+----------+-------------------------------------------
     0 | D:1      | warriortoast the Spriggan Enchanter began the quest for the
                  | Orb.
     0 | D:1      | Reached XP level 1. HP: 9/9 MP: 5/5
    69 | D:1      | Found a faded altar of an unknown god.
   360 | D:1      | Reached XP level 2. HP: 13/13 MP: 6/6
   495 | D:1      | Reached skill level 1 in Ranged Weapons
   842 | D:1      | Learned a level 2 spell: Ensorcelled Hibernation
  1075 | D:1      | Reached XP level 3. HP: 16/16 MP: 8/8
  1275 | D:2      | Learned a level 3 spell: Confusing Touch
  1279 | D:2      | Learned a level 3 spell: Tukima's Dance
  1312 | D:2      | Reached skill level 5 in Stealth
  1747 | D:2      | Noticed Jessica
  1783 | D:2      | Reached XP level 4. HP: 9/21 MP: 9/9
  2119 | D:2      | Found a glowing golden altar of the Shining One.
  2148 | D:2      | Found Huzut's Weapon Shop.
  2248 | D:2      | HP: 1/21 [gnoll/+0 spear (6)]
  2254 | D:2      | Slain by a gnoll

Illustrated notes

Levels and vault maps discovered:
D:1:      dpeg_arrival_simpleton_c, layout_loops_ring,
          chequers_ecumenical_altar_simple
D:2:      kennysheep_six_static_rooms, layout_basic, basic_altar, serial_shops,
          nicolae_shop_behind_doors, uniq_jessica, uniq_sigmund

Skill      XL: |  1  2  3 |
---------------+----------+-----
Dodging        | 3 |  3.4
Ranged Weapons | 1 2 |  2.1
Spellcasting   | 3 |  3.3
Stealth        | 5 |  5.2
Hexes          | 4 |  4.1
Short Blades   | 2 |  2.1

Action                   |  1- 3 |  4- 6 || total
-------------------------+-------+-------++-------
Melee: Dagger            |    26 |    12 ||    38
 Fire: Sling             |    65 |       ||    65
 Cast: Ensorcelled Hiber |     6 |    10 ||    16
 Stab: Sleeping          |     6 |     8 ||    14
Armor: Robe              |     2 |     1 ||     3
Dodge: Dodged            |    27 |    17 ||    44
